 Dungeon Crawl Stone Soup version 0.27-a0-1548-gf8a67e7463 (webtiles) character file.

Game seed: 13823056356382541230

4865 Swapper the Cleaver (level 10, -5/89 HPs)
             Began as a Minotaur Berserker on July 13, 2021.
             Was a Priest of Trog.
             Slain by an unseen horror (6 damage)
             ... on level 9 of the Dungeon.
             The game lasted 00:47:49 (11630 turns).

Swapper the Cleaver (Minotaur Berserker)           Turns: 11630, Time: 00:47:50

Health: -5/89      AC: 13    Str: 24    XL:     10   Next: 26%
Magic:  9/9        EV:  9    Int:  4    God:    Trog [***...]
Gold:   353        SH:  0    Dex: 11    Spells: 9/9 levels left

rFire    . . .     SeeInvis .   c - +4 hand axe
rCold    . . .     Faith    .   (no shield)
rNeg     . . .     Spirit   .   v - +0 plate armour
rPois    .         Reflect  .   (helmet restricted)
rElec    .         Harm     .   (no cloak)
rCorr    .         Rampage  .   (no gloves)
Will     .....                  (no boots)
Stlth    ..........             (no amulet)
HPRegen  0.24/turn              (no ring)
MPRegen  0.11/turn              (no ring)

@: no status effects
A: horns 2, retaliatory headbutt
a: Renounce Religion, Berserk, Trog's Hand


You were on level 9 of the Dungeon.
You worshipped Trog.
Trog was most pleased with you.
You visited 1 branch of the dungeon, and saw 9 of its levels.

You collected 353 gold pieces.

Inventory:

Hand Weapons
 a - a +1 hand axe of flaming
 c - a +4 hand axe (weapon)
Missiles
 m - 62 poisoned darts (quivered)
 s - 2 throwing nets
Armour
 d - a +0 pair of boots
 k - a +0 pair of gloves
 v - a +0 plate armour (worn)
Wands
 b - a wand of digging (4)
 f - a wand of charming (7)
 h - a wand of iceblast (6)
 i - a wand of flame (23)
Scrolls
 g - 2 scrolls of enchant weapon
 l - 2 scrolls of brand weapon
Potions
 j - a potion of ambrosia
 o - a potion of flight
 t - a potion of might


   Skills:
 + Level 8.3 Fighting
 * Level 11.1 Axes
 + Level 7.9 Armour
 + Level 7.2 Dodging
 - Level 5.0 Evocations


You had 9 spell levels left.
You didn't know any spells.
Your spell library was empty.

Dungeon Overview and Level Annotations

Branches:
Dungeon (9/15)             Temple (0/1) D:4             Orc (0/2) D:9
   Lair: D:8-11

Altars:
Dithmenos
Hepliaklqana
Nemelex Xobeh
The Shining One
Beogh

Shops:
D:4 :   D:6 *


Innate Abilities, Weirdness & Mutations

You have a pair of horns on your head.
You reflexively headbutt those who attack you in melee.


Message History

Something completely misses you. Something hits you but does no damage.
Items here: ))) [[.
Something hits you but does no damage. Something hits you.
* * * LOW HITPOINT WARNING * * *
Something hits you but does no damage. Something hits you but does no damage.
Something hits you.
* * * LOW HITPOINT WARNING * * *
Something hits you.
* * * LOW HITPOINT WARNING * * *
Something hits you but does no damage. Something hits you but does no damage.
Something hits you but does no damage. Something hits you.
* * * LOW HITPOINT WARNING * * *
Something hits you but does no damage. Something hits you.
* * * LOW HITPOINT WARNING * * *
Something hits you.
* * * LOW HITPOINT WARNING * * *
Something hits you but does no damage.
Something hits you but does no damage. x2
Something hits you but does no damage. Something hits you but does no damage.
Something hits you.
* * * LOW HITPOINT WARNING * * *
Something hits you.
* * * LOW HITPOINT WARNING * * *
Something hits you but does no damage.
You closely miss something. You headbutt something.
Something hits you but does no damage.
You barely miss something. You headbutt something!
Something hits you but does no damage. x2
You miss something.
Something hits you but does no damage. x2
You closely miss something. You headbutt something. Something hits you.
* * * LOW HITPOINT WARNING * * *
You closely miss something. Something hits you but does no damage.
Something hits you.
You die...

.#'# #<.....#
...#### #.######.#
8.....# #........#
......## ########..#
.....[.##
#........[#
>....8..#
#.#######.#
..).....#
#.....#...#
......#)#
#####.#.####
8.....#.#
#{@...#....#
...####.#
#.########.# ..>#
#.# #.#.....##.#
####
#.#######.#.###.##.#
#.........#.#
#.##.###
######.####.#
#.##...# #.# #.#
#.####.# #.####.#
#......# #......#
########


There were no monsters in sight!

Vanquished Creatures
  A boulder beetle (D:9)
  Pikel (D:7)
  A troll (D:6)
  Eustachio (D:4)
  3 steam dragons (D:7)
  An orc warrior (D:9)
  A sky beast (D:6)
  An ice beast (D:7)
  3 black bears
  A necrophage (D:6)
  2 ogres
  3 centaurs
  2 phantoms
  2 lemures
  2 kobold brigands
  3 wyvern zombies
  2 water moccasin skeletons
  4 killer bees (D:8)
  3 wights (D:6)
  3 howler monkeys
  2 centaur zombies (D:7)
  4 orc priests (D:8)
  2 hounds (D:4)
  4 jellies
  A bullfrog skeleton (D:4)
  2 gnoll shamans
  Jessica (D:3)
  Terence (D:3)
  Natasha (D:4)
  8 iguanas
  A hound skeleton (D:4)
  2 howler monkey zombies (D:6)
  10 gnolls
  5 adders
  2 howler monkey skeletons (D:7)
  A worm (D:4)
  2 dart slugs
  16 orcs
  4 ball pythons (D:3)
  3 endoplasms
  2 giant cockroaches (D:1)
  6 goblins
  8 hobgoblins
  10 jackals
  6 quokkas
  7 bats
  3 frilled lizards
  7 kobolds
  3 rats
164 creatures vanquished.

Vanquished Creatures (others)
  9 fungi (D:7)
9 creatures vanquished.

Grand Total: 173 creatures vanquished

Notes
Turn   | Place    | Note
-------+----------+-------------------------------------------
     0 | D:1      | Swapper the Minotaur Berserker began the quest for the Orb.
     0 | D:1      | Reached XP level 1. HP: 19/19 MP: 0/0
   241 | D:1      | Reached XP level 2. HP: 24/27 MP: 1/1
   297 | D:1      | Reached skill level 4 in Axes
   944 | D:2      | Found a faded altar of an unknown god.
  1121 | D:2      | Reached ** piety under Trog
  1128 | D:2      | Reached XP level 3. HP: 33/33 MP: 2/2
  1863 | D:3      | Noticed Jessica
  1870 | D:3      | Killed Jessica
  1871 | D:3      | Reached XP level 4. HP: 38/40 MP: 3/3
  1901 | D:3      | Noticed Terence
  1909 | D:3      | Killed Terence
  1910 | D:3      | Reached skill level 5 in Axes
  2419 | D:3      | Reached skill level 1 in Evocations
  2422 | D:3      | Reached XP level 5. HP: 45/47 MP: 4/4
  2865 | D:4      | Reached XP level 6. HP: 40/53 MP: 5/5
  3005 | D:4      | Noticed Eustachio
  3021 | D:4      | Killed Eustachio
  3191 | D:4      | Reached *** piety under Trog
  3202 | D:4      | Found a staircase to the Ecumenical Temple.
  3330 | D:4      | Noticed Natasha
  3339 | D:4      | Killed Natasha
  3340 | D:4      | Reached skill level 5 in Evocations
  3340 | D:4      | Reached XP level 7. HP: 60/60 MP: 6/6
  3364 | D:4      | Found Qyefon's Book Boutique.
  3424 | D:4      | Found a shadowy altar of Dithmenos.
  3822 | D:5      | Entered Level 5 of the Dungeon
  4338 | D:5      | Reached skill level 5 in Fighting
  4338 | D:5      | Reached skill level 6 in Axes
  4426 | D:5      | Reached XP level 8. HP: 36/68 MP: 7/7
  4670 | D:5      | You fall into a shaft and drop 3 floors!
  4679 | D:7      | Reached skill level 7 in Axes
  4817 | D:6      | Found Leralonk's Assorted Antiques.
  4913 | D:6      | Reached skill level 5 in Armour
  4918 | D:6      | Noticed a troll
  4967 | D:6      | Killed a troll
  5098 | D:6      | Reached skill level 5 in Dodging
  5141 | D:6      | Reached skill level 8 in Axes
  6249 | D:6      | Reached XP level 9. HP: 64/76 MP: 8/8
  7630 | D:7      | Reached skill level 9 in Axes
  7725 | D:7      | Found a glowing golden altar of the Shining One.
  7803 | D:7      | Noticed Pikel
  7869 | D:7      | Killed Pikel
  8763 | D:7      | Reached skill level 10 in Axes
  8785 | D:7      | Found a hazy altar of Hepliaklqana.
  9706 | D:8      | Reached **** piety under Trog
  9708 | D:8      | Found a sparkling altar of Nemelex Xobeh.
 10883 | D:9      | Found a staircase to the Orcish Mines.
 10902 | D:9      | Reached XP level 10. HP: 46/88 MP: 9/9
 11168 | D:9      | Noticed a boulder beetle
 11213 | D:9      | Killed a boulder beetle
 11214 | D:9      | Reached skill level 11 in Axes
 11625 | D:9      | HP: 4/89 [something (3)]
 11629 | D:9      | HP: 1/89 [something (4)]
 11630 | D:9      | Slain by an unseen horror

Illustrated notes

Levels and vault maps discovered:
D:1:      kilobyte_arrival_exit_the_forest, layout_rooms
D:2:      layout_basic, hellmonk_ecumenical_altar_inner_sanctum, hex_tiny,
          chequers_jeans, moated_statue
D:3:      minmay_bubble_buster, layout_basic, minmay_distorted, uniq_terence,
          uniq_jessica
D:4:      layout_basic, mainiacjoe_overflow_alcove_4, minmay_temple_entry_hall,
          serial_shops, shop_statue, uniq_natasha, uniq_eustachio
D:5:      layout_cave_pods
D:6:      layout_loops_ring, serial_shops, shop, serial_park_tiny_pond
D:7:      kennysheep_steamy, layout_gridville, tso_metal_star,
          lemuel_tele_altar, uniq_pikel
D:8:      layout_basic, overflow_temple_1_default, nicolae_wwwww,
          david_defended_altar_orc
D:9:      layout_basic, david_orc_2, serial_shops, shop, kennysheep_mini_moat,
          nicolae_shop_trees, kennysheep_little_box, minivault_16,
          nicolae_wooded_promenade, st_stairs_11, serial_park_tiny_pond

Skill      XL: |  1  2  3  4  5  6  7  8  9 10 |
---------------+-------------------------------+-----
Axes           | 4 5 6 8 10 11 | 11.1
Fighting       | 4 5 6 7 8 |  8.3
Armour         | 3 4 6 7 |  7.9
Dodging        | 3 4 5 6 7 |  7.2
Evocations     | 1 3 5 |  5.0

Action                   |  1- 3 |  4- 6 |  7- 9 | 10-12 || total
-------------------------+-------+-------+-------+-------++-------
Melee: Hand axe          |    80 |   101 |   287 |    43 ||   511
       Headbutt          |    11 |    16 |    70 |    10 ||   107
Throw: Dart              |       |     9 |       |       ||     9
Invok: Berserk           |     2 |     3 |    13 |     1 ||    19
       Trog's Hand       |       |     1 |     3 |     1 ||     5
Evoke: Wand              |       |       |       |     2 ||     2
  Use: Scroll            |       |     3 |    11 |       ||    14
       Potion            |       |       |     3 |     3 ||     6
Armor: Animal skin       |    13 |       |       |       ||    13
       Scale mail        |       |    32 |    37 |       ||    69
       Plate armour      |       |       |   105 |    69 ||   174
Dodge: Dodged            |    68 |    47 |   161 |    15 ||   291

Table legend: (Time is in decaauts)
 A = Elapsed time spent in this place.
 B = Non-inter-level travel time spent in this place.
 C = Inter-level travel time spent in this place.
 D = Time resting spent in this place.
 E = Time spent auto-exploring this place.
 F = Levels seen in this place.
 G = Mean time per level.
                   A        B        C        D        E       F      G
               +--------+--------+--------+--------+--------+-----+--------+
         Total |  11793 |  11340 |    453 |   3989 |   5047 |   9 | 1310.3 |
       Dungeon |  11793 |  11340 |    453 |   3989 |   5047 |   9 | 1310.3 |
               +--------+--------+--------+--------+--------+-----+--------+

Top non-repeatable levels by time:
     D:5: 2467 daAuts
     D:6: 1876 daAuts
     D:7: 1475 daAuts
     D:8: 1252 daAuts
     D:3: 1024 daAuts
     D:2: 992 daAuts
     D:4: 974 daAuts
     D:1: 891 daAuts
     D:9: 838 daAuts
